 Dungeon Crawl Stone Soup version 0.28-a0-1206-g193881aaa2 (webtiles) character file.

Game seed: 10064106326934986115

261 SensoryNuts the Skirmisher (level 5, 0/42 HPs)
             Began as a Demonspawn Fighter on Dec 20, 2021.
             Slain by a black bear (7 damage)
             ... on level 5 of the Dungeon.
             The game lasted 00:04:07 (5124 turns).

SensoryNuts the Skirmisher (Demonspawn Fighter)     Turns: 5124, Time: 00:04:09

Health: 0/42       AC:  7    Str: 18    XL:     5   Next: 96%
Magic:  0/5        EV:  9    Int:  9    God:
Gold:   167        SH:  4    Dex: 13    Spells: 4/4 levels left

rFire   . . .      SeeInvis .   a - +0 long sword
rCold   . . .      Faith    .   c - +0 buckler
rNeg    . . .      Spirit   +   b - +0 scale mail
rPois   .          Reflect  .   (no helmet)
rElec   .          Harm     .   (no cloak)
rCorr   +          Rampage  .   (no gloves)
Will    .....                   (no boots)
Stlth   ..........              f - amulet of guardian spirit
HPRegen 0.14/turn               e - ring of resist corrosion
MPRegen 0.09/turn               (no ring)

@: no status effects
A: weakness stinger 1
a: no special abilities


You were on level 5 of the Dungeon.
You visited 1 branch of the dungeon, and saw 5 of its levels.

You collected 167 gold pieces.

Inventory:

Hand Weapons
 a - a +0 long sword (weapon)
Armour
 b - a +0 scale mail (worn)
 c - a +0 buckler (worn)
Jewellery
 e - a ring of resist corrosion (left hand)
 f - an amulet of guardian spirit (around neck)
 l - a ring of magical power
 n - a ring of willpower
Scrolls
 h - a scroll of vulnerability {unknown}
 i - 4 scrolls of identify {unknown}
 k - a scroll of enchant weapon {unknown}
 m - a scroll of teleportation {unknown}
 o - a scroll of magic mapping {unknown}
Potions
 d - a potion of lignification {unknown}
 g - a potion of heal wounds {unknown}
 j - a potion of curing {unknown}


   Skills:
 + Level 4.0 Fighting
 + Level 3.4 Long Blades
 + Level 4.0 Armour
 + Level 0.9 Dodging
 + Level 0.5 Stealth
 + Level 3.2 Shields


You had 4 spell levels left.
You didn't know any spells.
Your spell library was empty.

Dungeon Overview and Level Annotations

Branches:
Dungeon (5/15)
 Temple: D:4-7

Altars:
Xom
Yredelemnul
Zin


Innate Abilities, Weirdness & Mutations

You have a small tail.


Message History

A bullfrog zombie comes into view.
You hit the black bear. You tail-slap the black bear.
The black bear is moderately wounded.
The black bear bites you.
The black bear claws you but does no damage. x2
You slash the black bear!
The black bear is heavily wounded.
The black bear bites you.
The black bear claws you but does no damage. x2
You hit the black bear.
The black bear is severely wounded.
The black bear bites you. You block the black bear's attack.
The black bear barely misses you. The black bear bites you!
The black bear claws you. The black bear closely misses you.
You hit the black bear.
You tail-slap the black bear, but do no damage.
The black bear is almost dead.
The black bear bites you. You block the black bear's attack.
The black bear barely misses you.
You closely miss the black bear.
The black bear is almost dead.
The black bear completely misses you. The black bear claws you.
You block the black bear's attack.
You hit the black bear but do no damage.
The black bear is almost dead.
The black bear goes berserk!
You closely miss the black bear.
The black bear is almost dead.
The black bear bites you!
The black bear claws you but does no damage.
The black bear closely misses you. You block the black bear's attack. x2
The black bear barely misses you.
You barely miss the black bear.
The black bear is almost dead.
The black bear bites you!
* * * LOW HITPOINT WARNING * * *
The black bear claws you.
* * * LOW HITPOINT WARNING * * *
The black bear closely misses you. The black bear bites you!
You die...

#.........
........ .......
..... .... #..#
... #.Z# .... #h#
#..# #@##### #..
##.....#
#..####.#####..#
#...#..## ....
#.....## #.#.#
##.....## ##..#.#
.#.......###..##.
..........#..##.#
###..........##.#


You could see a black bear (berserk) and a bullfrog zombie.

Vanquished Creatures
  An orc wizard (D:5)
  A killer bee zombie (D:5)
  3 hound skeletons (D:4)
  Robin (D:3)
  6 adders
  An adder skeleton (D:4)
  2 worms
  2 dart slugs
  11 orcs
  5 endoplasms
  8 giant cockroaches
  13 goblins
  11 hobgoblins
  5 kobolds
  6 ball pythons
  4 bats
  A frilled lizard (D:2)
  5 rats
86 creatures vanquished.

Notes
Turn   | Place    | Note
-------+----------+-------------------------------------------
     0 | D:1      | SensoryNuts the Demonspawn Fighter began the quest for the
                  | Orb.
     0 | D:1      | Reached XP level 1. HP: 18/18 MP: 1/1
   169 | D:1      | Found a faded altar of an unknown god.
   312 | D:1      | Gained mutation: You have a small tail. [demonic ancestry]
   312 | D:1      | Reached XP level 2. HP: 24/24 MP: 2/2
  1099 | D:2      | Reached XP level 3. HP: 29/29 MP: 3/3
  1792 | D:3      | Reached XP level 4. HP: 35/37 MP: 4/4
  1913 | D:3      | Found a shimmering altar of Xom.
  2362 | D:3      | Noticed Robin
  2371 | D:3      | Killed Robin
  3914 | D:4      | Reached XP level 5. HP: 42/42 MP: 5/5
  4495 | D:4      | Identified the +1 robe of the Scribe {*Slow Will- Slay+6
                  | Archmagi}
  4747 | D:5      | Entered Level 5 of the Dungeon
  5065 | D:5      | Found a basalt altar of Yredelemnul.
  5111 | D:5      | Noticed a black bear
  5124 | D:5      | Slain by a black bear

Illustrated notes

Levels and vault maps discovered:
D:1:      kennysheep_arrival_forest, layout_basic,
          hellmonk_ecumenical_altar_blasted
D:2:      layout_rooms, hangedman_decor_clover_reticule
D:3:      layout_basic, tgw_xom, uniq_robin
D:4:      layout_basic, minmay_misc_feat_enclosed, small_statue_intersection,
          minmay_misc_feat_x
D:5:      layout_layer_cave, grunt_temple_overflow_open,
          nicolae_ossuary_entry_ruins, st_stairs_2, uniq_grinder, uniq_pikel,
          uniq_edmund

Skill      XL: |  1  2  3  4  5 |
---------------+----------------+-----
Long Blades    | 2 3 |  3.4
Armour         | 3 4 |  4.0
Shields        | 3 |  3.2
Fighting       | 4 |  4.0
Dodging        | |  0.9
Stealth        | |  0.5

Action                   |  1- 3 |  4- 6 || total
-------------------------+-------+-------++-------
Melee: Long sword        |    94 |   181 ||   275
       Tailslap          |     8 |    29 ||    37
  Use: Potion            |       |     2 ||     2
Armor: Scale mail        |    49 |    82 ||   131
Dodge: Dodged            |    64 |    99 ||   163
Block: Buckler           |    25 |    49 ||    74

Table legend: (Time is in decaauts)
 A = Elapsed time spent in this place.
 B = Non-inter-level travel time spent in this place.
 C = Inter-level travel time spent in this place.
 D = Time resting spent in this place.
 E = Time spent auto-exploring this place.
 F = Levels seen in this place.
 G = Mean time per level.
                   A        B        C        D        E       F      G
               +--------+--------+--------+--------+--------+-----+--------+
         Total |   5190 |   4558 |    632 |      0 |   3870 |   5 | 1038.0 |
       Dungeon |   5190 |   4558 |    632 |      0 |   3870 |   5 | 1038.0 |
               +--------+--------+--------+--------+--------+-----+--------+

Top non-repeatable levels by time:
     D:3: 1737 daAuts
     D:1: 1168 daAuts
     D:2: 1041 daAuts
     D:4: 856 daAuts
     D:5: 385 daAuts
